 Dungeon Crawl Stone Soup version 0.17-a0-1046-ga09e34d (webtiles) character file.

211 abixa the Firebug (level 5, -22/38 HPs)
             Began as a Hill Orc Fire Elementalist on May 15, 2015.
             Annihilated by an ogre
             ... wielding a +0 giant club
              (23 damage)
             ... on level 4 of the Dungeon.
             The game lasted 00:14:03 (4671 turns).

abixa the Firebug (Hill Orc Fire Elementalist)      Turns: 4671, Time: 00:14:03

Health: -22/38     AC:  4    Str: 11    XL:     5   Next: 88%
Magic:  3/7        EV: 11    Int: 16    God:
Gold:   127        SH:  0    Dex: 11    Spells: 3 memorised, 1 level left

rFire  . . .     SeeInvis .     m - +2 short sword (venom)
rCold  . . .     Clarity  .     v - +0 leather armour
rNeg   + . .     SustAb   .     (no shield)
rPois  .         Gourm    .     (no helmet)
rElec  .         Spirit   .     a - +0 cloak
rCorr  +         Warding  .     (no gloves)
rMut   .         Stasis   .     (no boots)
MR     .....                    t - amulet of resist corrosion
Stlth  +.........               x - ring of positive energy
                                w - +3 ring of slaying

@: not resistant to hostile enchantments, very unstealthy
A: no striking features
a: no special abilities


You were on level 4 of the Dungeon.
You were not hungry.

You visited 1 branch of the dungeon, and saw 4 of its levels.

You collected 127 gold pieces.

Inventory:

Hand weapons
 k - a +1 mace of protection
 m - a +2 short sword of venom (weapon)
 o - a +0 hunting sling of flaming
 s - a cursed -2 whip
 u - a +0 war axe
Missiles
 f - 116 stones (quivered)
 n - 7 tomahawks
 q - 26 poisoned needles
 B - 3 exploding tomahawks
Armour
 a - a +0 cloak (worn)
 e - a +0 ring mail
 v - a +0 leather armour (worn)
Jewellery
 t - an amulet of resist corrosion (around neck)
 w - a +3 ring of slaying (left hand)
 x - a ring of positive energy (right hand)
Scrolls
 h - 5 scrolls of remove curse
 l - 3 scrolls of identify
 p - 2 scrolls of magic mapping
 y - a scroll of enchant weapon {unknown}
 A - a scroll of blinking {unknown}
 C - a scroll of fear {unknown}
Potions
 g - a potion of haste {unknown}
 i - a potion of berserk rage {unknown}
 j - a potion of curing {unknown}
 z - 2 potions of brilliance {unknown}
 E - a potion of cure mutation {unknown}
Books
 b - a book of Flames

   Spells                             Type                      Level
   a - Flame Tongue                   Conjuration/Fire             1
   b - Throw Flame                    Conjuration/Fire             2
   c - Conjure Flame                  Conjuration/Fire             3
   d - Inner Flame                    Hexes/Fire                   3
   e - Sticky Flame                   Conjuration/Fire             4
   f - Fireball                       Conjuration/Fire             5
Comestibles
 c - a bread ration
 d - 4 meat rations
 r - a slice of pizza
 D - a chunk of flesh


   Skills:
 - Level 1.5 Dodging
 - Level 1.5 Stealth
 - Level 1.5 Spellcasting
 + Level 4.2 Conjurations
 + Level 5.1 Fire Magic


You had one spell level left.
You knew the following spells:

 Your Spells              Type           Power        Failure   Level  Hunger
a - Flame Tongue          Conj/Fire      ###..        4%          1    ##.....
b - Throw Flame           Conj/Fire      ###...       8%          2    ###....
c - Conjure Flame         Conj/Fire      ###.....     14%         3    ####...


Dungeon Overview and Level Annotations

Branches:
Dungeon (4/15)
 Temple: D:4-7

Altars:
Ru
Yredelemnul

Annotations:
D:3 !clear, Grinder


Message History

Aim: an ogre, wielding a giant club (lightly wounded)
The flame tongue hits the ogre.
The ogre is moderately wounded.
Casting: Flame Tongue
Confirm with . or Enter, or press ? or * to list all spells.
Aiming: Flame Tongue
Press: ? - help, Shift-Dir - straight line, f/p - ogre
Aim: an ogre, wielding a giant club (moderately wounded)
The flame tongue hits the ogre.
The ogre is heavily wounded.
You barely miss the ogre.
The ogre is heavily wounded.
The ogre hits you with a giant club!!
Ouch! That really hurt!
* * * LOW HITPOINT WARNING * * *
You hit the ogre.
The ogre is severely wounded.
The ogre hits you with a giant club!!
Ouch! That really hurt!
You die...

##.........#......
##...###.†........ #
##......#..........
.#..###................(.
................##.......
.....#..........##.......
.....#..........###......
......#.#................
..."..O@.................
.###......##...... ......
#.....## .###.# .....
#....... .. .. ...#
#......... ... #
##......... .##
##..#..#### ..###.#


You could see an ogre.

Vanquished Creatures
  2 hounds (D:4)
  A worker ant (D:4)
  An adder (D:3)
  2 oozes
  2 worms (D:2)
  3 giant geckos
  2 orcs
  3 ball pythons
  A bat skeleton (D:4)
  4 giant cockroaches
  8 goblins
  13 hobgoblins
  4 jackals (D:1)
  11 kobolds
  A quokka (D:2)
  12 bats
  7 giant newts
  39 rats
  A plant (D:1)
117 creatures vanquished.

Notes
Turn   | Place    | Note
--------------------------------------------------------------
     0 | D:1      | abixa the Hill Orc Fire Elementalist began the quest for the Orb.
     0 | D:1      | Reached XP level 1. HP: 14/14 MP: 3/3
   262 | D:1      | Reached XP level 2. HP: 7/20 MP: 0/4
   577 | D:1      | Learned a level 2 spell: Throw Flame
   725 | D:1      | Reached XP level 3. HP: 16/26 MP: 1/5
  2169 | D:2      | Reached skill level 4 in Fire Magic
  2187 | D:2      | Reached XP level 4. HP: 11/33 MP: 6/6
  2627 | D:2      | Learned a level 3 spell: Conjure Flame
  3783 | D:3      | Found a sacrificial altar of Ru.
  3859 | D:3      | Found a basalt altar of Yredelemnul.
  4160 | D:3      | Reached XP level 5. HP: 34/38 MP: 7/7
  4188 | D:3      | Noticed Grinder
  4244 | D:2      | Found a basalt altar of Yredelemnul.
  4489 | D:4      | Reached skill level 5 in Fire Magic
  4666 | D:4      | Noticed an ogre
  4670 | D:4      | HP: 1/38 [ogre/giant club (33)]
  4671 | D:4      | Annihilated by an ogre

Vault maps used:
D:1:      kilobyte_arrival_exit_the_forest, st_stairs_5
D:2:      lemuel_upstairs_altar, minmay_rats_cheesy_pizza
D:3:      overflow_temple_1_default, lemuel_doored_altar,
          nicolae_ru_path_of_blood, uniq_grinder
D:4:      lemuel_zombie_altar_kikubaaqudgha, serial_glass, glass_columns_a,
          glass_columns_a

Action                   |  1- 3 |  4- 6 || total
-------------------------+-------+-------++-------
Melee: Unarmed           |    30 |     5 ||    35
       Club              |   266 |   127 ||   393
       Short sword       |       |    78 ||    78
 Fire: Hunting sling     |       |     1 ||     1
Throw: Stone             |       |    16 ||    16
 Cast: Flame Tongue      |    43 |    11 ||    54
       Conjure Flame     |       |     2 ||     2
       Throw Flame       |       |     1 ||     1
  Use: Scroll            |       |     3 ||     3
 Stab: Sleeping          |       |     4 ||     4
  Eat: Chunk             |     6 |     9 ||    15
